 Dungeon Crawl Stone Soup version 0.27.0-1-g7a089689b8 (webtiles) character file.

Game seed: 10797431558874937910

245 Gwenloh the Magician (level 6, -9/45 HPs)
             Began as a Djinni Air Elementalist on Aug 3, 2021.
             Mangled by Duvessa (16 damage)
             ... on level 4 of the Dungeon.
             The game lasted 00:15:53 (6473 turns).

Gwenloh the Magician (Djinni Air Elementalist)      Turns: 6473, Time: 00:15:54

Health: -9/45      AC:  2    Str:  7    XL:     6   Next: 32%
Gold:   103        EV: 13    Int: 18    God:
                   SH:  0    Dex: 14

rFire    + + .     SeeInvis .   j - +1 dagger (elec)
rCold    x . .     Faith    .   (no shield)
rNeg     . . .     Spirit   .   a - +0 robe
rPois    ∞         Reflect  .   (no helmet)
rElec    .         Harm     .   (no cloak)
rCorr    .         Rampage  .   (no gloves)
Will     .....                  (boots unavailable)
Stlth    ++........             (no amulet)
HPRegen  0.15/turn              (no ring)
MPRegen  0.00/turn              (no ring)

@: swift, flying, very quick
A: sickness immunity, fire resistance 2, cold vulnerability 1, float, innate
caster, hp casting, extra vitality 1
a: no special abilities


You were on level 4 of the Dungeon.
You visited 1 branch of the dungeon, and saw 4 of its levels.
You also visited: Sewer.

You collected 103 gold pieces.

Inventory:

Hand Weapons
 j - a +1 dagger of electrocution (weapon)
Armour
 a - a +0 robe (worn)
 d - a +0 ring mail of cold resistance
Scrolls
 c - 2 scrolls of identify {unknown}
 f - 2 scrolls of teleportation {unknown}
 k - a scroll of brand weapon {unknown}
 l - 2 scrolls of blinking {unknown}
Potions
 b - a potion of curing {unknown}
 e - a potion of berserk rage {unknown}
 g - 2 potions of haste {unknown}
 h - a potion of attraction {unknown}
 i - 3 potions of might {unknown}
 m - a potion of magic {unknown}
 n - a potion of brilliance {unknown}


   Skills:
 + Level 2.6 Fighting
 + Level 3.8 Dodging
 - Level 1.5 Stealth
 * Level 4.0 Spellcasting


You couldn't memorise any spells.
You knew the following spells:

 Your Spells              Type           Power      Damage    Failure   Level
a - Shock                 Conj/Air       72%        1d7       2%          1
b - Static Discharge      Conj/Air       18%        N/A       4%          2
c - Swiftness             Air            18%        N/A       9%          3
d - Airstrike             Air            9%         N/A       28%         4
e - Summon Small Mammal   Summ           72%        N/A       2%          1
f - Wereblood             Tmut           18%        N/A       4%          2
Your spell library was empty.

Dungeon Overview and Level Annotations

Branches:
Dungeon (4/15)              Sewer (visited)
 Temple: D:4-7

Altars:

Annotations:
D:4 Duvessa, Edmund


Innate Abilities, Weirdness & Mutations

You are immune to sickness and miasma.
You are immune to poison.
Your flesh is very heat resistant. (rF++)
You are vulnerable to cold. (rC-)
You float through the air rather than walking.
You learn spells naturally, not from books.
Your magical power is your life essence.
You have superior vitality. (+4 HP)


Message History

Dowan shouts!
Casting: Airstrike (quite dangerous; 30% risk of failure)
Confirm with . or Enter, or press ? or * to list all spells.
The spell is quite dangerous to cast (30% risk of failure)!
Continue anyway?
Aiming: Airstrike (quite dangerous; 30% risk of failure)
Press: ? - help, Dir - move target, f/p - Dowan
Aim: Dowan, wielding a +0 dagger and wearing a +0 robe (almost dead, ally target)
The air twists around and strikes Dowan!
You kill Dowan!
You hear a distant scream of rage.
Duvessa, Sister of Dowan comes into view.
She is wielding a +0 rapier.
Your Spellcasting skill increases to level 4!
Duvessa goes berserk!
Casting: Airstrike (quite dangerous; 28% risk of failure)
Confirm with . or Enter, or press ? or * to list all spells.
Duvessa hits your quokka with a +0 rapier!
Your quokka dies!
Your quokka's corpse disappears in a puff of smoke!
You see here a giant cockroach corpse.
Your bat hits Duvessa but does no damage.
Your bat closely misses Duvessa. x2; Duvessa hits your bat with a +0 rapier!
Your bat dies!
Your bat's corpse disappears in a puff of smoke!
Casting: Summon Small Mammal (safe; 2% risk of failure)
Confirm with . or Enter, or press ? or * to list all spells.
Duvessa hits you with a +0 rapier!!
* * * LOW HITPOINT WARNING * * *
You swap places.
Duvessa misses your quokka.
Your quokka bites Duvessa but does no damage.
Duvessa barely misses your quokka. Something hits your quokka!
Your quokka dies!
Your quokka's corpse disappears in a puff of smoke!
Casting: Summon Small Mammal (safe; 2% risk of failure)
Confirm with . or Enter, or press ? or * to list all spells.
You feel quick.
* * * LOW HITPOINT WARNING * * *
Duvessa misses you. Duvessa barely misses you.
Duvessa hits you with a +0 rapier!
You die...

#........#.#.###
#######.##.#.#
#.##.#.#
#.##.#.#
#.##.#.#
#.##.#.#
#.##.#.#
#e##.#.#
#@##.#.#
#.##.#.#
#.##.#.#
#.##.#.#
#.##.#.#
#.##.#.#
#.##.#.#
#.##.#.#
#.##.#.#


You could see Duvessa (berserk).

Vanquished Creatures
  Dowan (D:4)
  An orc priest (D:3)
  6 adders
  A river rat (D:4)
  An ufetubus (D:4)
  4 worms
  5 orcs (D:3)
  2 endoplasms (D:1)
  4 giant cockroaches
  6 goblins
  7 hobgoblins
  15 jackals
  2 quokkas (D:1)
  7 ball pythons
  3 bats
  6 frilled lizards
  8 kobolds
  4 rats
83 creatures vanquished.

Vanquished Creatures (others)
  24 plants (Sewer)
24 creatures vanquished.

Grand Total: 107 creatures vanquished

Notes
Turn   | Place    | Note
-------+----------+-------------------------------------------
     0 | D:1      | Gwenloh the Djinni Air Elementalist began the quest for the
                  | Orb.
     0 | D:1      | Reached XP level 1. HP: 15/15 MP: 0/0
   582 | D:1      | Reached XP level 2. HP: 20/22 MP: 0/0
  1614 | D:1      | Reached skill level 1 in Fighting
  1614 | D:1      | Reached XP level 3. HP: 23/27 MP: 0/0
  1614 | D:1      | Learned a level 1 spell: Summon Small Mammal
  2152 | D:2      | Reached skill level 3 in Spellcasting
  2322 | D:2      | Reached XP level 4. HP: 25/32 MP: 0/0
  3143 | D:3      | Found Yraa's Antique Armour Emporium.
  4069 | D:3      | Reached XP level 5. HP: 19/38 MP: 0/0
  4069 | D:3      | Learned a level 2 spell: Wereblood
  4556 | D:4      | Noticed an ogre
  4682 | D:4      | Found a glowing drain.
  4691 | Sewer    | Entered a sewer
  5280 | Sewer    | Reached XP level 6. HP: 19/44 MP: 0/0
  5896 | D:4      | Noticed Edmund
  6256 | D:4      | Noticed Dowan
  6449 | D:4      | Killed Dowan
  6449 | D:4      | Noticed Duvessa
  6450 | D:4      | Reached skill level 4 in Spellcasting
  6473 | D:4      | Mangled by Duvessa

Illustrated notes

Levels and vault maps discovered:
D:1:      sevenhm_arrival_forest_fort_large_4, layout_loops_ring
D:2:      layout_basic
D:3:      layout_loops_cross, serial_shops, shop, minmay_door_square
D:4:      layout_basic, portal_sewer_entry_b, uniq_menkaure, uniq_edmund,
          uniq_duvessa, uniq_sigmund

Skill      XL: |  1  2  3  4  5  6 |
---------------+-------------------+-----
Fighting       | 1 2 |  2.6
Spellcasting   | 3 4 |  4.0
Dodging        | 3 |  3.8
Stealth        | |  1.5

Action                   |  1- 3 |  4- 6 || total
-------------------------+-------+-------++-------
Melee: Dagger            |       |     8 ||     8
 Cast: Shock             |    65 |   117 ||   182
       Static Discharge  |    11 |    19 ||    30
       Airstrike         |       |     5 ||     5
       Summon Small Mamm |       |     4 ||     4
       Swiftness         |       |     2 ||     2
Dodge: Dodged            |     6 |    20 ||    26
